Map: New Repugnancy LE

Players

TiPtOP - Winner!

  • Race: Terran Terran
  • Spawn Location: 7:00

VOD

Have the link to the VOD?

Description

Time

  • Played on: Aug. 12, 2019, 4:03 a.m.
  • Length: 36:02
Show
View Real Time Build Order
Export as new Build Order

TiPtOP Terran - Winner!

Build Orders:  

Get SALT Encoding   

  12  0:04  SCV  
  13  0:21  SCV  
  13  0:27  Supply Depot  
  14  0:38  SCV  
  15  0:58  SCV  
  16  1:02  Barracks  
  16  1:15  SCV  
  17  1:24  Refinery  
  17  1:32  SCV  
  18  1:49  SCV  
  19  2:06  SCV  
  20  2:14  Command Center  
  20  2:17  Marine  
  21  2:32  Orbital Command  
  21  2:46  Marine  
  22  3:14  SCV  
  22  3:15  Supply Depot  
  23  3:22  Barracks Reactor  
  23  3:36  Barracks  
  23  4:11  SCV  
  23  4:12  Factory  
  24  4:21  SCV  
  25  4:30  Marine x2  
  27  4:44  Marine  
  28  4:55  Marine  
  28  4:56  SCV x2  
  31  5:10  Barracks Tech Lab  
  31  5:13  Marine  
  32  5:25  Starport  
  32  5:36  Factory Reactor  
  32  5:41  SCV x2  
  32  5:43  Marine x3  
  37  5:53  Stimpack  
  37  6:08  SCV x2, Marine x2  
  41  6:17  Refinery  
  41  6:25  SCV x2  
  43  6:40  Supply Depot  
  43  6:47  Supply Depot  
  43  6:51  Supply Depot  
  43  7:09  Medivac, Factory Tech Lab  
  45  7:22  SCV  
  46  7:30  SCV  
  47  7:42  Siege Tank  
  50  7:56  Medivac  
  52  8:13  Supply Depot  
  52  8:28  Marauder  
  52  8:29  Marine x2  
  56  8:49  Unknown  
  56  9:02  SCV  
  57  9:10  Refinery  
  57  9:23  Refinery  
  57  9:24  Marine x2, Marauder  
  57  9:50  Marine  
  57  9:51  Marine  
  57  9:54  Marauder  
  64  10:00  Siege Tank  
  67  10:14  SCV  
  67  10:15  Marine  
  69  10:28  SCV  
  70  10:31  SCV  
  71  10:45  SCV  
  71  10:48  SCV  
  73  10:58  Unknown  
  72  11:09  Medivac  
  74  11:13  Marine  
  74  11:14  Marine x2  
  77  11:38  Marine  
  78  11:41  Supply Depot  
  78  11:50  Supply Depot  
  78  11:59  Engineering Bay  
  78  12:11  Siege Tank, Marauder  
  78  12:12  Supply Depot  
  83  12:26  Supply Depot  
  83  12:41  Marauder  
  83  12:44  Supply Depot  
  85  12:59  Supply Depot  
  88  13:04  Marine x2  
  90  13:11  Marauder  
  90  13:16  Supply Depot  
  92  13:29  Marine x2  
  94  13:32  Supply Depot  
  94  13:41  Marauder  
  94  13:43  Terran Infantry Weapons Level 1  
  94  13:47  Viking  
  94  13:49  Supply Depot  
  98  13:50  Viking, Unknown  
  100  14:05  Supply Depot  
  100  14:31  Missile Turret  
  100  14:42  Missile Turret  
  100  14:50  Marine  
  100  14:51  Marine x2  
  103  15:04  Missile Turret  
  103  15:16  Marauder  
  103  15:19  Missile Turret  
  105  15:44  Missile Turret, Marine x2  
  105  15:46  Marauder  
  109  15:53  Concussive Shells  
  109  15:55  Missile Turret  
  109  16:09  Marine x2  
  111  16:16  Marauder  
  113  16:23  Terran Infantry Armor Level 1  
  113  16:24  Missile Turret  
  113  16:34  Missile Turret  
  113  16:35  Siege Tank  
  113  16:45  Siege Tank  
  113  16:46  Marauder  
  115  16:55  Siege Tank  
  115  16:58  Missile Turret  
  115  17:47  Unknown  
  115  17:48  Siege Tank  
  118  18:05  Unknown  
  118  18:14  Unknown  
  118  18:31  Siege Tank  
  118  18:33  Siege Tank  
  117  19:04  Marine x3  
  117  19:05  Command Center  
  120  19:18  Siege Tank  
  123  19:29  Marauder  
  125  19:59  Marauder  
  127  20:03  Siege Tank  
  130  20:59  SCV x2  
  132  21:14  Marine x2  
  132  21:15  Marine  
  135  21:40  Marauder  
  137  22:10  Marauder  
  139  22:40  Marauder  
  141  22:52  Siege Tank x2  
  141  23:16  Siege Tank x2  
  106  24:05  Siege Tank x2  
  106  24:13  Marine x2  
  106  24:14  Marine  
  106  24:19  Siege Tank x2  
  108  24:20  Medivac x2  
  105  24:39  Unknown, Marauder  
  104  25:02  Medivac  
  104  25:09  Marauder  
  108  25:34  Marine  
  108  25:35  Marine  
  108  25:37  Siege Tank  
  108  25:39  Marauder  
  121  25:59  Marine  
  122  26:08  Marauder  
  124  26:18  Refinery  
  124  26:19  Refinery  
  124  26:22  Siege Tank  
  127  26:38  Marauder  
  129  26:48  Unknown x2  
  129  26:49  Command Center  
  129  26:57  Armory  
  129  26:58  Starport  
  129  27:07  Siege Tank  
  129  27:08  Marauder  
  134  27:12  Factory  
  134  27:19  Siege Tank  
  165  27:20  Siege Tank  
  134  27:41  Siege Tank x2  
  134  27:45  Unknown  
  134  28:08  Siege Tank  
  134  28:09  Siege Tank  
  134  28:21  Siege Tank  
  134  28:23  Siege Tank x2  
  134  28:57  Siege Tank  
  134  29:00  Siege Tank  
  134  29:01  Siege Tank  
  132  29:14  Siege Tank x2  
  132  29:21  Siege Tank  
  130  29:58  Siege Tank  
  130  29:59  Siege Tank  
  129  30:34  Unknown  
  129  30:39  Siege Tank  
  129  30:42  Siege Tank  
  129  30:44  Siege Tank  
  129  30:48  Siege Tank  
  127  31:37  Siege Tank x2  
  126  31:54  Siege Tank x5  
  123  32:08  Marine x3  
  126  32:10  Siege Tank  
  129  32:32  Siege Tank x2  
  129  32:33  Marauder  
  129  32:35  Siege Tank  
  131  32:55  Siege Tank  
  134  33:03  Marauder  
  133  33:33  Marauder  
  133  33:40  Siege Tank  
  133  33:46  Siege Tank x5, Marine x2  
  138  33:52  Starport Tech Lab  
  138  33:55  Factory Tech Lab  
  133  34:03  Marauder  
  135  34:10  Engineering Bay  
  135  34:11  Marine x2  
  136  34:30  Unknown  
  136  34:33  Marine  
  136  34:36  Marine x2  
  136  34:39  Siege Tank x2  
  139  34:40  Unknown  
  139  34:42  Siege Tank  
  139  34:43  Unknown  
  139  34:58  Siege Tank, Marine  
Tags
 
Add a new tag
Caveats
  • Supply blocks, unpowered buildings, or Contaminate may cause inaccurate times.
  • Supply counts are checked every 10 seconds.